 Dungeon Crawl Stone Soup version 0.16.1-51-g6203257 (webtiles) character file.

28 spacecamp the Poker (level 3, -1/26 HPs)
             Began as a Human Wanderer on Aug 2, 2015.
             Slain by an adder (3 damage)
             ... on level 1 of the Dungeon.
             The game lasted 00:05:31 (1205 turns).

spacecamp the Poker (Human Wanderer)                Turns: 1205, Time: 00:05:31

Health: -1/26      AC:  2    Str: 12    XL:     3   Next: 30%
Magic:  1/3        EV: 12    Int: 13    God:
Gold:   124        SH:  0    Dex: 12    Spells: 1 memorised, 1 level left

rFire  . . .     SeeInvis .     b - +0 spear
rCold  . . .     Clarity  .     c - +0 robe
rNeg   . . .     SustAb   .     (no shield)
rPois  .         Gourm    .     (no helmet)
rElec  .         Spirit   .     (no cloak)
rCorr  .         Warding  .     (no gloves)
rMut   .         Stasis   .     (no boots)
MR     .....                    (no amulet)
Stlth  +.........               (no ring)
                                (no ring)

@: lethally poisoned (-1 -> -14), very slightly contaminated, not resistant to
hostile enchantments, very unstealthy
A: no striking features
a: no special abilities


You were on level 1 of the Dungeon.
You were not hungry.

You visited 1 branch of the dungeon, and saw 2 of its levels.

You collected 124 gold pieces.

Inventory:

Hand weapons
 b - a +0 spear (weapon)
Missiles
 g - 11 poisoned needles
Armour
 c - a +0 robe (worn)
Jewellery
 i - an uncursed amulet of resist mutation {unknown}
 j - a cursed -2 ring of intelligence {unknown}
Scrolls
 e - a scroll of remove curse {unknown}
 f - a scroll of amnesia {unknown}
 h - a scroll of enchant weapon {unknown}
Books
 a - a book of Geomancy

   Spells                             Type                      Level
   a - Sandblast                      Earth                        1
   b - Stoneskin                      Transmutation/Earth          2
   c - Passwall                       Transmutation/Earth          3
   d - Stone Arrow                    Conjuration/Earth            3
   e - Petrify                        Transmutation/Earth          4
   f - Lee's Rapid Deconstruction     Earth                        5
Comestibles
 d - a bread ration
 k - a chunk of flesh


   Skills:
 - Level 1.0 Fighting
 + Level 3.0 Polearms
 - Level 2.2 Throwing
 - Level 2.1 Dodging
 - Level 0.2 Stealth
   Level 2.0 Charms
   Level 1.0 Transmutations
 - Level 0.4 Earth Magic


You had one spell level left.
You knew the following spells:

 Your Spells              Type           Power        Failure   Level  Hunger
a - Sandblast             Erth           #.....       30%         1    ##.....


Dungeon Overview and Level Annotations

Branches:
Dungeon (2/15)

Altars:


Message History

Casting: Sandblast
Confirm with . or Enter, or press ? or * to list all spells.
Aiming: Sandblast
Press: ? - help, Shift-Dir - straight line, f - adder
Aim: an adder You miscast Sandblast.
You are very lightly contaminated with residual magic.
Nothing appears to happen.
The adder bites you.
* * * LOW HITPOINT WARNING * * *
You are more poisoned.
The adder poisons you!
Casting: Sandblast
Confirm with . or Enter, or press ? or * to list all spells.
Aiming: Sandblast
Press: ? - help, Shift-Dir - straight line, f/p - adder
Aim: an adder The blast of sand misses the adder.
* * * LOW HITPOINT WARNING * * *
You feel sick. The adder bites you.
You die...

###
######################.##
^.......................#
######################.##
.......########## #.#
######..........## #.#
####.............# ##)##
.....##########S@#
##...## ######
#..###(....## ###
#..##.......# ######.##
#..##.......# #.......#
#..##.......# #.####)##
#..###.....## #.#
#.####รท.####...### #.#
#................# #.#
####..(.####..##.#


You could see an adder.

Vanquished Creatures
  2 ball pythons (D:1)
  2 bats (D:1)
  A giant cockroach (D:2)
  3 goblins
  8 hobgoblins (D:1)
  5 kobolds (D:1)
  A giant gecko (D:1)
  2 rats (D:1)
24 creatures vanquished.

Vanquished Creatures (others)
  4 toadstools (D:1)
4 creatures vanquished.

Grand Total: 28 creatures vanquished

Notes
Turn   | Place    | Note
--------------------------------------------------------------
     0 | D:1      | spacecamp, the Human Wanderer, began the quest for the Orb.
     0 | D:1      | spacecamp set off with: a book of Geomancy, a +0 spear, a +0 robe, a bread ration
     0 | D:1      | Reached XP level 1. HP: 15/15 MP: 1/1
   279 | D:1      | Reached XP level 2. HP: 21/21 MP: 2/2
   295 | D:1      | Learned a level 1 spell: Sandblast
   782 | D:1      | Reached XP level 3. HP: 26/26 MP: 3/3
  1117 | D:1      | Reached skill level 3 in Polearms
  1205 | D:1      | Slain by an adder

Action                   || total
-------------------------++-------
Melee: Spear             ||    94
 Cast: Sandblast         ||     2
 Stab: Sleeping          ||     1
  Eat: Chunk             ||     1
